 Dungeon Crawl Stone Soup version 0.30-a0-1160-g6e42c06551 (webtiles) character file.

Game seed: 9177870365446983429

400 xian the Shooter (level 6, -1/35 HPs)
             Began as a Tengu Hexslinger on Apr 27, 2023.
             Killed by nerve-wracking pain
             ... invoked by an orc priest
              (9 damage)
             ... on level 4 of the Dungeon.
             The game lasted 00:07:30 (3528 turns).

xian the Shooter (Tengu Hexslinger)                 Turns: 3528, Time: 00:07:31

Health: -1/35      AC:  4    Str: 19    XL:     6   Next: 84%
Magic:  9/10       EV: 15    Int: 13    God:
Gold:   245        SH:  0    Dex: 20    Spells: 6/9 levels left

rFire   . . .        h - +1 short sword (freeze)
rCold   . . .        (no shield)
rNeg    . . .        t - +0 leather armour
rPois   .            (helmet restricted)
rElec   .            (no cloak)
rCorr   .            o - +0 pair of gloves
SInv    .            (boots unavailable)
Will    .....        (no amulet)
Stlth   ++           s - +6 ring of dexterity
HPRegen 0.25/turn    u - +6 ring of strength
MPRegen 0.12/turn

%: no passive effects
@: flying quickly and evasively, quick
A: beak, talons 3, nimble flight
a: no special abilities


You were on level 4 of the Dungeon.
You visited 1 branch of the dungeon, and saw 4 of its levels.

You collected 245 gold pieces.

Inventory:

Hand Weapons
 a - a +1 sling
 h - a +1 short sword of freezing (weapon)
Missiles
 e - 10 poisoned darts
Armour
 o - a +0 pair of gloves (worn)
 t - a +0 leather armour (worn)
Jewellery
 s - a +6 ring of dexterity (left hand)
 u - a +6 ring of strength (right hand)
Scrolls
 b - 2 scrolls of poison
 c - a scroll of vulnerability {unknown}
 f - a scroll of noise {unknown}
 i - 4 scrolls of identify {unknown}
 j - a scroll of butterflies {unknown}
 p - 2 scrolls of amnesia {unknown}
 r - a scroll of immolation {unknown}
 w - a scroll of enchant weapon {unknown}
Potions
 d - a potion of ambrosia {unknown}
 g - 5 potions of curing {unknown}
 k - 2 potions of brilliance {unknown}
 l - a potion of might {unknown}
 m - a potion of invisibility {unknown}
 n - a potion of heal wounds {unknown}
 q - 3 potions of flight {unknown}
 v - a potion of degeneration {unknown}


   Skills:
 + Level 2.2 Fighting
 + Level 0.1 Short Blades
 + Level 5.4 Ranged Weapons
 + Level 0.2 Armour
 + Level 2.4 Dodging
 + Level 0.7 Stealth
 * Level 2.3 Spellcasting
 * Level 3.3 Hexes


You had 6 spell levels left.
You knew the following spells:

 Your Spells              Type           Power      Damage    Failure   Level
a - Slow                  Hex            40%        N/A       8%          1
b - Ensorcelled Hibernat  Hex/Ice        10%        N/A       22%         2

Your spell library contained the following spells:

 Spells                   Type           Power      Damage    Failure   Level
 Passwall                 Tmut/Erth      0%         N/A       41%         2
 Inner Flame              Hex/Fire       5%         N/A       41%         3
 Portal Projectile        Hex/Tloc       10%        N/A       41%         3
 Cause Fear               Hex            5%         N/A       58%         4
 Swiftness                Air            1%         N/A       65%         3
 Animate Dead             Necr           1%         N/A       96%         4
 Haunt                    Necr/Summ      0%         N/A       100%        7
 Infestation              Necr           0%         N/A       100%        8


Dungeon Overview and Level Annotations

Branches:
Dungeon (4/15)
 Temple: D:4-7

Altars:

Annotations:
D:4 Pargi


Innate Abilities, Weirdness & Mutations

You have a beak for a mouth.
You have claws for feet.
Your magical nature lets you fly swiftly and evasively.


Message History

Beogh smites you!
Casting: Slow (safe; 8% risk of failure)
Confirm with . or Enter, or press ? or * to list all spells.
Aiming: Slow (safe; 8% risk of failure)
Press: ? - help, Shift-Dir - straight line, f/p - orc
Aim: an orc, wielding a +0 mace and wearing a +0 leather armour (chance to affect: 62%)
The orc resists with significant effort.
You shoot a sling bullet. The sling bullet hits the orc.
The orc is moderately wounded.
You shoot a sling bullet.
The sling bullet closely misses the orc.
The sling bullet closely misses the orc priest.
The orc hits you with a +0 mace.
You are too injured to fight recklessly!
You are too injured to fight recklessly!
You are too injured to fight recklessly!
Unknown command.
Your +1 short sword of freezing glows with a cold blue light!
h - a +1 short sword of freezing (weapon)
The orc priest miscasts a cantrip.
The orc misses you.
You hit the orc. You freeze the orc. Your kick misses the orc.
The orc is severely wounded.
The orc barely misses you.
You hit the orc. You freeze the orc.
You kill the orc!
The orc priest mumbles some strange prayers to Beogh against you.
Beogh smites you!
* * * LOW HITPOINT WARNING * * *
Casting: Slow (safe; 8% risk of failure)
Confirm with . or Enter, or press ? or * to list all spells.
Okay, then.
Things that are here:
a +0 mace; a +0 leather armour You hit the orc priest.
You freeze the orc priest. Your kick misses the orc priest.
Your peck misses the orc priest.
The orc priest is almost dead.
The orc priest calls down the wrath of Beogh upon you.
Pain shoots through your body!
You die...

#.# #.# # #.# #.# #. #.#
#.# #..#### #.# #.#
#.T..### #.# ###.#
.o†o..#o...## #.# #.#.#
##### #.....# #.# #<#.#
#.<#..#########.####.#(####
#.....o.To@..†......[......
#..#..#########........####
####.....# ########.#
#.###..# #.# #.. .# #.# ###
.. #.# ## #.# #.#### #.....


You could see Pargi and 2 orc priests.

Vanquished Creatures
  A black bear (D:3)
  A phantom (D:4)
  2 orc priests
  An iguana (D:4)
  Robin (D:2)
  4 adders
  An adder zombie (D:2)
  2 worms
  7 orcs
  4 bats
  2 endoplasms
  7 giant cockroaches
  14 goblins
  9 hobgoblins
  4 jackals (D:1)
  2 quokkas
  8 ball pythons
  A ball python skeleton (D:2)
  2 frilled lizards (D:1)
  A giant cockroach zombie (D:2)
  A jackal skeleton (D:2)
  5 kobolds
  7 rats
87 creatures vanquished.

Notes
Turn   | Place    | Note
-------+----------+-------------------------------------------
     0 | D:1      | xian the Tengu Hexslinger began the quest for the Orb.
     0 | D:1      | Reached XP level 1. HP: 12/12 MP: 3/3
   245 | D:1      | Reached XP level 2. HP: 14/16 MP: 4/4
  1080 | D:2      | Reached skill level 3 in Ranged Weapons
  1086 | D:2      | Reached XP level 3. HP: 4/20 MP: 5/5
  1187 | D:2      | Noticed Robin
  1194 | D:2      | Killed Robin
  1260 | D:2      | Reached XP level 4. HP: 16/26 MP: 6/6
  1423 | D:2      | Reached skill level 4 in Ranged Weapons
  2235 | D:3      | Noticed a black bear
  2270 | D:3      | Killed a black bear
  2271 | D:3      | Gained mutation: Your magical nature lets you fly swiftly
                  | and evasively. [Tengu growth]
  2271 | D:3      | Reached XP level 5. HP: 16/30 MP: 6/8
  2274 | D:3      | Learned a level 2 spell: Ensorcelled Hibernation
  2602 | D:3      | Reached skill level 5 in Ranged Weapons
  2602 | D:3      | Reached XP level 6. HP: 11/35 MP: 6/9
  3508 | D:4      | Noticed Pargi
  3528 | D:4      | Killed from afar by an orc priest

Illustrated notes

Levels and vault maps discovered:
D:1:      scummos_arrival_simple_fountains, layout_loops_corners, st_stairs_3
D:2:      minmay_angry_zag, layout_loops_ring, serial_undead, serial_undead_d,
          serial_undead_a, serial_undead_b, serial_undead_c, uniq_robin
D:3:      minmay_octagon_keep, layout_basic
D:4:      layout_basic, uniq_menkaure, uniq_pikel, uniq_pargi

Skill      XL: |  1  2  3  4  5  6 |
---------------+-------------------+-----
Ranged Weapons | 3 4 5 |  5.4
Fighting       | 2 |  2.2
Hexes          | 3 |  3.3
Spellcasting   | 2 |  2.3
Short Blades   | |  0.1
Armour         | |  0.2
Dodging        | |  2.4
Stealth        | |  0.7

Action                     |  1- 3 |  4- 6 || total
---------------------------+-------+-------++-------
  Melee: Short sword       |    15 |    33 ||    48
         Peck              |     4 |     3 ||     7
         Kick              |     1 |    12 ||    13
         Punch             |       |     1 ||     1
   Fire: Sling             |    90 |   139 ||   229
   Cast: Slow              |     2 |    10 ||    12
         Ensorcelled Hiber |       |     3 ||     3
   Stab: Sleeping          |       |     1 ||     1
 Armour: Robe              |    10 |     7 ||    17
         Leather armour    |       |     4 ||     4
  Dodge: Dodged            |    39 |    39 ||    78

Table legend: (Time is in decaauts)
 A = Elapsed time spent in this place.
 B = Non-inter-level travel time spent in this place.
 C = Inter-level travel time spent in this place.
 D = Time resting spent in this place.
 E = Time spent auto-exploring this place.
 F = Levels seen in this place.
 G = Mean time per level.
                   A        B        C        D        E       F      G
               +--------+--------+--------+--------+--------+-----+--------+
         Total |   3481 |   3378 |    103 |    112 |   2633 |   4 |  870.2 |
       Dungeon |   3481 |   3378 |    103 |    112 |   2633 |   4 |  870.2 |
               +--------+--------+--------+--------+--------+-----+--------+

Top non-repeatable levels by time:
     D:3: 1131 daAuts
     D:1: 1035 daAuts
     D:2: 946 daAuts
     D:4: 367 daAuts
